 Dungeon Crawl Stone Soup version 0.29-a0-887-gcbe080d7e0 (webtiles) character file.

Game seed: 11301248712169869401

80 concernfroge the Trooper (level 4, -1/39 HPs)
             Began as a Mummy Monk on July 22, 2022.
             Slain by a water moccasin (7 damage)
             ... on level 4 of the Dungeon.
             The game lasted 00:05:37 (2441 turns).

concernfroge the Trooper (Mummy Monk)               Turns: 2441, Time: 00:05:38

Health: -1/39      AC: 10    Str: 16    XL:     4   Next: 18%
Magic:  4/4        EV: 10    Int:  9    God:
Gold:   142        SH:  7    Dex: 14    Spells: 3/3 levels left

rFire   . . .      SeeInvis .   a - +0 spear
rCold   + . .      Faith    .   f - +0 kite shield
rNeg    + + +      Spirit   .   l - +3 leather armour
rPois   ∞          Reflect  .   (no helmet)
rElec   .          Harm     .   e - +0 cloak
rCorr   .          Rampage  .   (no gloves)
Will    .....                   i - +2 pair of boots
Stlth   ++........              (no amulet)
HPRegen 0.13/turn               k - ring of protection from fire
MPRegen 0.09/turn               (no ring)

@: no status effects
A: cold resistance 1, negative energy resistance 3, torment resistance 2, heat
vulnerability 1, in touch with death 1, no potions
a: no special abilities


You were on level 4 of the Dungeon.
You visited 1 branch of the dungeon, and saw 4 of its levels.

You collected 142 gold pieces.

Inventory:

Hand Weapons
 a - a +0 spear (weapon)
 b - a +1 short sword of speed
Armour
 e - a +0 cloak (worn)
 f - a +0 kite shield (worn)
 i - a +2 pair of boots (worn)
 l - a +3 leather armour (worn)
Jewellery
 g - a ring of willpower
 k - a ring of protection from fire (left hand)
Scrolls
 c - 2 scrolls of identify
 j - a scroll of amnesia


   Skills:
 + Level 5.1 Fighting
 - Level 2.4 Polearms
 - Level 2.4 Dodging
 - Level 1.5 Stealth


You had 3 spell levels left.
You didn't know any spells.
Your spell library contained the following spells:

 Spells                   Type           Power      Damage    Failure   Level
 Summon Small Mammal      Summ           0%         N/A       88%         1
 Call Canine Familiar     Summ           0%         N/A       99%         3
 Summon Guardian Golem    Hex/Summ       0%         N/A       99%         3


Dungeon Overview and Level Annotations

Branches:
Dungeon (4/15)
 Temple: D:4-7

Altars:

Shops:
D:3 !

Annotations:
D:3 Grinder


Innate Abilities, Weirdness & Mutations

You are immune to poison.
Your flesh is cold resistant. (rC+)
You are immune to negative energy. (rN+++)
You are immune to unholy pain and torment.
You are vulnerable to heat. (rF-)
You are in touch with the powers of death.
You do not drink.


Message History

The water moccasin bites you but does no damage.
You barely miss the water moccasin.
The water moccasin is severely wounded.
The water moccasin bites you.
The water moccasin bites you but does no damage.
You barely miss the water moccasin.
The water moccasin is severely wounded.
The water moccasin closely misses you. You block the water moccasin's attack.
You closely miss the water moccasin.
The water moccasin is severely wounded.
The water moccasin bites you.
You barely miss the water moccasin.
The water moccasin is heavily wounded.
The water moccasin bites you. The water moccasin barely misses you.
You closely miss the water moccasin.
The water moccasin is heavily wounded.
You block the water moccasin's attack.
You hit the water moccasin.
The water moccasin is severely wounded.
The water moccasin bites you but does no damage.
The water moccasin bites you.
You hit the water moccasin.
The water moccasin is severely wounded.
The water moccasin bites you.
* * * LOW HITPOINT WARNING * * *
The water moccasin bites you.
* * * LOW HITPOINT WARNING * * *
Blink to where?
Press: ? - help, Dir - move target
Found 8 gold pieces.
As you read the scroll of blinking, it crumbles to dust.
You see here 8 gold pieces.
You miss the water moccasin.
The water moccasin is severely wounded.
The water moccasin bites you but does no damage.
The water moccasin barely misses you.
You hit the water moccasin but do no damage.
The water moccasin is severely wounded.
The water moccasin bites you!
You die...

..... #####
.....
#...#####....
#............
##.........#
#.........#
##..###...##
#.$## #.S.#
##.## #..@#
##.## ##..#
###.## ##..
##..## ##..
#..## #..
#..# #.. #..#
#.. #..## #..
##..#


You could see a water moccasin.

Vanquished Creatures
  An adder (D:2)
  2 worms (D:2)
  2 dart slugs
  9 endoplasms
  A giant cockroach (D:2)
  7 goblins
  6 hobgoblins
  2 jackals (D:2)
  2 quokkas (D:1)
  5 ball pythons (D:1)
  4 bats
  4 frilled lizards
  4 kobolds
  9 rats
58 creatures vanquished.

Notes
Turn   | Place    | Note
-------+----------+-------------------------------------------
     0 | D:1      | concernfroge the Mummy Monk began the quest for the Orb.
     0 | D:1      | Reached XP level 1. HP: 18/18 MP: 1/1
   191 | D:1      | Reached XP level 2. HP: 24/24 MP: 2/2
   264 | D:1      | Found a faded altar of an unknown god.
   462 | D:1      | Reached skill level 4 in Fighting
   651 | D:1      | Gained mutation: You are in touch with the powers of death.
                  | [Mummy growth]
   651 | D:1      | Reached XP level 3. HP: 2/30 MP: 3/3
  1955 | D:2      | Reached XP level 4. HP: 38/38 MP: 4/4
  1982 | D:2      | Reached skill level 5 in Fighting
  2293 | D:3      | Found Moaraj's Distillery.
  2296 | D:3      | Noticed Grinder
  2398 | D:3      | Noticed a water moccasin
  2407 | D:3      | Paralysed by Grinder for 3 turns
  2441 | D:4      | Slain by a water moccasin

Illustrated notes

Levels and vault maps discovered:
D:1:      psy_arrival_fountain, layout_basic,
          hellmonk_ecumenical_altar_pennies_from_heaven, minmay_tetromino_i4
D:2:      layout_loops_cross, grunt_ministairs_6, kennysheep_generic_room_3
D:3:      layout_loops_cross, nicolae_qazlal_general_emergency, tgw_sif,
          jmf_multi_god_temple, serial_shops, shop, uniq_grinder
D:4:      layout_layer_cave, vehumet_crystals,
          mainiacjoe_overflow_six_doors_small, uniq_ijyb, uniq_pikel

Skill      XL: |  1  2  3  4 |
---------------+-------------+-----
Fighting       | 4 5 |  5.1
Polearms       | |  2.4
Dodging        | |  2.4
Stealth        | |  1.5

Action                   |  1- 3 |  4- 6 || total
-------------------------+-------+-------++-------
Melee: Spear             |   201 |    27 ||   228
  Use: Scroll            |       |     5 ||     5
 Stab: Sleeping          |     9 |       ||     9
Armor: Robe              |    14 |       ||    14
       Ring mail         |    35 |     8 ||    43
       Leather armour    |       |    10 ||    10
Dodge: Dodged            |    83 |     8 ||    91
Block: Kite shield       |    44 |    11 ||    55

Table legend: (Time is in decaauts)
 A = Elapsed time spent in this place.
 B = Non-inter-level travel time spent in this place.
 C = Inter-level travel time spent in this place.
 D = Time resting spent in this place.
 E = Time spent auto-exploring this place.
 F = Levels seen in this place.
 G = Mean time per level.
                   A        B        C        D        E       F      G
               +--------+--------+--------+--------+--------+-----+--------+
         Total |   2473 |   2291 |    182 |      0 |   1790 |   4 |  618.2 |
       Dungeon |   2473 |   2291 |    182 |      0 |   1790 |   4 |  618.2 |
               +--------+--------+--------+--------+--------+-----+--------+

Top non-repeatable levels by time:
     D:1: 1327 daAuts
     D:2: 912 daAuts
     D:3: 207 daAuts
     D:4: 26 daAuts
